 Dungeon Crawl Stone Soup version 0.17-a0-1646-geb1493d (webtiles) character file.

871 Ebilmort the Conjurer (level 8, 0/46 HPs)
             Began as an Octopode Wizard on Aug 11, 2015.
             Was an Initiate of Vehumet.
             Succumbed to corax's ghost's sting
             ... on level 5 of the Dungeon.
             The game lasted 00:20:08 (5177 turns).

Ebilmort the Conjurer (Octopode Wizard)             Turns: 5177, Time: 00:20:08

Health: 0/46       AC:  8    Str:  6    XL:     8   Next: 3%
Magic:  7/16       EV: 12    Int: 22    God:    Vehumet [......]
Gold:   116        SH:  0    Dex: 11    Spells: 5 memorised, 6 levels left

rFire  . . .     SeeInvis .     o - +0 flail (protect)
rCold  . . .     Clarity  .     (no shield)
rNeg   . . .     SustAt   .     k - +2 hat
rPois  .         Gourm    .     (no amulet)
rElec  .         Spirit   .     (no ring)
rCorr  .         Warding  .     (no ring)
rMut   .         Stasis   .     (no ring)
MR     .....                    (no ring)
Stlth  +++.......               (no ring)
                                (no ring)
                                (no ring)
                                (no ring)

@: lethally poisoned (0 -> -10), not resistant to hostile enchantments, fairly
stealthy
A: almost no armour, amphibious, 8 rings, constrict 8, camouflage 1, gelatinous
body 1
a: Renounce Religion


You were on level 5 of the Dungeon.
You worshipped Vehumet.
Vehumet was noncommittal.
You were very hungry.

You visited 2 branches of the dungeon, and saw 6 of its levels.

You collected 116 gold pieces.

Inventory:

Hand weapons
 i - a +1 dagger of holy wrath
 o - a +0 flail of protection (weapon)
Armour
 k - a +2 hat (worn)
Magical devices
 p - a wand of random effects (13)
Scrolls
 h - 3 scrolls of identify {unknown}
 n - a scroll of noise {unknown}
 q - 2 scrolls of blinking {unknown}
Books
 b - a book of Minor Magic

   Spells                             Type                      Level
   a - Magic Dart                     Conjuration                  1
   b - Blink                          Translocation                2
   c - Call Imp                       Summoning                    2
   d - Repel Missiles                 Charms/Air                   2
   e - Slow                           Hexes                        2
   f - Conjure Flame                  Conjuration/Fire             3
   g - Mephitic Cloud                 Conjuration/Poison/Air       3
 d - a book of the Sky

   Spells                             Type                      Level
   a - Summon Lightning Spire         Summoning/Air                4
   b - Airstrike                      Air                          4
   c - Silence                        Hexes/Air                    5
   d - Deflect Missiles               Charms/Air                   6
   e - Conjure Ball Lightning         Conjuration/Air              6
   f - Tornado                        Air                          9
Comestibles
 c - 3 bread rations
 f - a meat ration
 m - a royal jelly


   Skills:
 - Level 2.0 Dodging
 - Level 2.6 Stealth
 + Level 5.4 Spellcasting
 + Level 5.5 Conjurations
 - Level 1.0 Summonings
 - Level 1.0 Translocations
 - Level 4.1 Fire Magic
 * Level 1.4 Air Magic


You had 6 spell levels left.
You knew the following spells:

 Your Spells              Type           Power        Failure   Level  Hunger
a - Magic Dart            Conj           ####         1%          1    None
b - Conjure Flame         Conj/Fire      ####....     4%          3    ##.....
c - Blink                 Tloc           N/A          12%         2    None
d - Call Imp              Summ           ##......     12%         2    None
e - Mephitic Cloud        Conj/Pois/Air  ###.....     12%         3    ##.....


Dungeon Overview and Level Annotations

Branches:
Dungeon (5/15)             Temple (1/1) D:4

Altars:
Ashenzari
Cheibriados
Dithmenos
Elyvilon
Fedhas
Gozag
Kikubaaqudgha
Makhleb
Nemelex Xobeh
Qazlal
Vehumet
Xom
Yredelemnul
Zin

Annotations:
D:5 corax's ghost, experienced SpVM


Innate Abilities, Weirdness & Mutations

You cannot wear most types of armour.
You are amphibious.
You can wear up to eight rings at the same time.
You can use your tentacles to constrict eight enemies at once.
Your skin changes colour to match your surroundings (Stealth).
Your rubbery body absorbs attacks (AC +1).


Message History

It was a potion of berserk rage.
You're too hungry to go berserk.
* * * LOW HITPOINT WARNING * * *
You feel sick.
* * * LOW HITPOINT WARNING * * *
You feel sick.
Corax's ghost whispers, "Be very very quiet, I'm hunting Octopi."
Corax's ghost casts a spell at you. The sting hits you!
You are lethally poisoned!
* * * LOW HITPOINT WARNING * * *
You aren't carrying any potions.
Read which item? (? for menu, Esc to quit)
As you read the scroll labeled ARCHONU WAUCUU, it crumbles to dust.
The creatures around you are filled with an inner flame!
It was a scroll of immolation.
* * * LOW HITPOINT WARNING * * *
You feel sick. Corax's ghost hits you.
* * * LOW HITPOINT WARNING * * *
You miss corax's ghost.
You die...

#.).# #.# #.# o.. #.# #.#
.ยง. #.# #.# #.# #.# #.# #o#
#.# #.# #.###W### #.# #.#
#(......# #.####.######
#####.#.#########.>..........
#.#..o.W@..........###.##
#.....############.(.....
#####.# ######## #.# #.# #.#
#.# #.# #.#


You could see corax's ghost (inner flame) and an orc (inner flame).

Vanquished Creatures
  Eustachio (D:4)
  Edmund (D:4)
  A phantom (D:4)
  2 centaurs (D:5)
  2 ogres
  Blork the orc (D:4)
  A crimson imp (D:4)
  A worker ant (D:5)
  A hound zombie (D:5)
  3 adders
  A giant gecko (D:1)
  7 orcs
  A ball python (D:1)
  5 giant cockroaches
  2 hobgoblins (D:1)
  4 jackals (D:1)
  6 bats
  2 giant newts
  8 goblins (D:1)
  6 kobolds
  7 rats
63 creatures vanquished.

Vanquished Creatures (others)
  A toadstool (D:5)
1 creature vanquished.

Grand Total: 64 creatures vanquished

Notes
Turn   | Place    | Note
--------------------------------------------------------------
     0 | D:1      | Ebilmort the Octopode Wizard began the quest for the Orb.
     0 | D:1      | Reached XP level 1. HP: 11/11 MP: 4/4
   401 | D:1      | Reached XP level 2. HP: 15/17 MP: 1/6
   829 | D:1      | Reached XP level 3. HP: 21/21 MP: 2/7
   834 | D:1      | Learned a level 3 spell: Conjure Flame
   839 | D:1      | Learned a level 2 spell: Blink
   842 | D:1      | Learned a level 2 spell: Call Imp
  1228 | D:2      | Found a faded altar to an unknown god.
  1992 | D:3      | Reached XP level 4. HP: 27/27 MP: 7/9
  2077 | D:3      | Reached skill level 1 in Fire Magic
  2479 | D:3      | Found a blossoming altar of Fedhas.
  2551 | D:3      | Found a snail-covered altar of Cheibriados.
  2890 | D:4      | Noticed Blork the orc
  2948 | D:4      | Noticed Eustachio
  2977 | D:4      | Noticed Edmund
  2984 | D:4      | Killed Edmund
  2984 | D:4      | Reached skill level 4 in Spellcasting
  2984 | D:4      | Reached XP level 5. HP: 22/31 MP: 1/11
  2989 | D:4      | Learned a level 3 spell: Mephitic Cloud
  3124 | D:4      | Killed Blork the orc
  3124 | D:4      | Reached XP level 6. HP: 36/36 MP: 4/12
  3212 | D:4      | Found a shimmering altar of Xom.
  3928 | D:4      | Noticed a phantom
  3965 | D:4      | Killed a phantom
  4193 | D:4      | Killed Eustachio
  4193 | D:4      | Reached XP level 7. HP: 26/41 MP: 12/14
  4237 | D:4      | Found a staircase to the Ecumenical Temple.
  4246 | Temple   | Entered the Ecumenical Temple
  4284 | Temple   | Became a worshipper of Vehumet
  4549 | D:4      | Found an opulent altar of Gozag.
  4555 | D:4      | Found a sparkling altar of Nemelex Xobeh.
  4722 | D:5      | Entered Level 5 of the Dungeon
  4722 | D:5      | Found a shattered altar of Ashenzari.
  4732 | D:5      | Reached skill level 5 in Spellcasting
  4732 | D:5      | Reached skill level 5 in Conjurations
  5039 | D:5      | Reached skill level 1 in Air Magic
  5039 | D:5      | Reached XP level 8. HP: 38/46 MP: 5/16
  5156 | D:5      | Noticed corax's ghost (experienced SpVM)
  5176 | D:5      | HP: 2/46 [poisoned by corax's ghost (sting)]
  5177 | D:5      | Succumbed to corax's ghost's sting

Vault maps used:
D:1:      dpeg_arrival_rooms_c
D:2:      ecumenical_altar_2
D:3:      fedhas_altar_4, lemuel_coloured_pillars_altar, first_bread
D:4:      grunt_temple_overflow_opulence, xom_butterflies,
          minmay_temple_entry_crystal_x, uniq_edmund, uniq_blork_the_orc,
          uniq_eustachio
D:5:      overflow_temple_1_default, lasty_cornered_adventurer, uniq_grinder
Temple:   jpeg_temple_alley_garden_8

Action                   |  1- 3 |  4- 6 |  7- 9 || total
-------------------------+-------+-------+-------++-------
Melee: Dagger            |    16 |    45 |       ||    61
       Flail             |       |    38 |    20 ||    58
 Cast: Magic Dart        |    69 |    55 |    25 ||   149
       Conjure Flame     |       |     2 |     2 ||     4
       Mephitic Cloud    |       |     5 |     5 ||    10
  Use: Potion            |       |     4 |     1 ||     5
       Scroll            |       |     3 |     1 ||     4
 Stab: Confused          |       |     1 |       ||     1
  Eat: Chunk             |     2 |     6 |     2 ||    10
       Fruit             |       |     3 |       ||     3
